General information
- name: BNet
- type: Ladder team game (AT/RT)
- host: Battle.net
- saver: cRUDhEAD
map: FullScaleAssault
- players: 8
- length: 52:49
- speed: Fast
- version: 1.24 W3XP
- replay type: Public
» download(280 KB)
Players
team 1 (winner)

»
cRUDhEAD (
green | 71 APM | 3769 actions | 52:49)
10 Archmage
3 Blizzard
3 Brilliance Aura
1 Mass Teleport
3 Summon Water Elemental
» actions
| Assign group hotkey | 104 | |
| Basic commands | 81 | |
| Build / train | 138 | |
| ESC pressed | 9 | |
| Enter build submenu | 81 | |
| Enter hero's abilities submenu | 10 | |
| Give item / drop item | 2 | |
| Right click | 1268 | |
| Select / deselect | 477 | |
| Select group hotkey | 1351 | |
| Use ability | 248 | |
3769 total
» units
| Peasant | 21 | |
| Goblin Shredder | 1 | |
| Gryphon Rider | 7 | |
| Dragonhawk Rider | 3 | |
| Goblin Zeppelin | 1 | |
| Flying Machine | 9 | |
| Mortar Team | 2 | |
| Blue Dragon | 3 | |
47 total
» upgrades
| Masonry | 3 | |
| Lumber Harvesting | 1 | |
| Armor | 3 | |
| Swords | 3 | |
| Cloud | 1 | |
| Storm Hammers | 1 | |
| Magic Sentry | 1 | |
| Gunpowder | 3 | |
| Plating | 2 | |
| Flak Cannons | 1 | |
| Fragmentation Shards | 1 | |
| Flying Machine Bombs | 1 | |
21 total
» buildings
| Altar of Kings | 2 | |
| Farm | 29 | |
| Lumber Mill | 2 | |
| Town Hall | 14 | |
| Scout Tower | 39 | |
| Arcane Vault | 5 | |
| Arcane Tower | 1 | |
| Keep | 2 | |
| Blacksmith | 1 | |
| Castle | 2 | |
| Guard Tower | 21 | |
| Gryphon Aviary | 4 | |
| Arcane Sanctum | 1 | |
| Workshop | 4 | |
127 total
» build order
00:09 Altar of Kings
00:13 Farm
01:01 Lumber Mill
01:09 Farm
02:00 Farm
03:26 Town Hall
03:32 Scout Tower
04:25 Arcane Vault
04:26 Arcane Tower
04:47 Keep
05:58 Arcane Vault
06:01 Arcane Vault
06:05 Arcane Vault
06:19 Blacksmith
07:08 Castle
07:25 Guard Tower
07:27 Guard Tower
07:29 Guard Tower
07:47 Guard Tower
08:07 Guard Tower
08:29 Gryphon Aviary
08:34 Gryphon Aviary
08:36 Gryphon Aviary
08:38 Gryphon Aviary
08:41 Farm
08:42 Farm
08:42 Farm
08:46 Farm
08:57 Guard Tower
10:01 Farm
10:01 Farm
10:09 Farm
10:10 Farm
10:54 Guard Tower
10:55 Guard Tower
10:56 Guard Tower
10:57 Guard Tower
12:39 Arcane Sanctum
13:48 Farm
16:28 Workshop
16:29 Workshop
16:30 Workshop
16:30 Workshop
18:12 Town Hall
18:15 Arcane Vault
18:17 Scout Tower
18:17 Scout Tower
18:18 Scout Tower
18:19 Scout Tower
18:20 Scout Tower
18:21 Scout Tower
19:11 Guard Tower
19:11 Guard Tower
19:11 Guard Tower
19:45 Guard Tower
19:50 Guard Tower
19:50 Guard Tower
29:06 Town Hall
29:10 Town Hall
29:14 Town Hall
30:55 Town Hall
31:41 Scout Tower
31:41 Scout Tower
31:42 Scout Tower
31:43 Scout Tower
31:44 Scout Tower
31:44 Scout Tower
31:45 Scout Tower
31:46 Scout Tower
31:46 Scout Tower
31:47 Scout Tower
31:47 Scout Tower
31:48 Scout Tower
31:49 Scout Tower
31:49 Scout Tower
31:49 Scout Tower
31:50 Scout Tower
31:50 Scout Tower
31:50 Scout Tower
31:51 Scout Tower
32:16 Town Hall
32:37 Lumber Mill
32:56 Farm
32:56 Farm
33:23 Guard Tower
33:27 Farm
33:28 Farm
34:25 Guard Tower
34:29 Keep
35:20 Town Hall
35:26 Farm
35:26 Farm
35:30 Scout Tower
35:31 Scout Tower
35:33 Scout Tower
35:34 Scout Tower
35:45 Farm
36:24 Town Hall
36:50 Guard Tower
38:04 Farm
38:05 Farm
39:47 Farm
39:49 Farm
40:21 Farm
40:21 Farm
40:22 Farm
40:30 Farm
40:33 Farm
40:55 Altar of Kings
41:56 Scout Tower
41:58 Scout Tower
43:57 Town Hall
44:51 Guard Tower
45:29 Castle
46:13 Scout Tower
46:14 Scout Tower
46:15 Scout Tower
46:16 Scout Tower
46:17 Scout Tower
46:18 Scout Tower
47:30 Town Hall
47:36 Town Hall
47:38 Guard Tower
51:56 Farm
52:00 Town Hall
52:44 Town Hall
» items
| Boots of Speed | 1 | |
| Staff of Teleportation | 1 | |
| Ivory Tower | 21 | |
| Scroll of Town Portal | 4 | |
| Staff of Sanctuary | 1 | |
| Potion of Invisibility | 1 | |
| Scroll of Regeneration | 3 | |
32 total

»
cluckys (
red | 40 APM | 882 actions | 21:54)
3 Blademaster
2 Critical Strike
1 Wind Walk
3 Tauren Chieftain
1 War Stomp
2 Endurance Aura
» actions
| Assign group hotkey | 22 | |
| Basic commands | 26 | |
| Build / train | 65 | |
| Enter build submenu | 13 | |
| Enter hero's abilities submenu | 7 | |
| Give item / drop item | 2 | |
| Remove unit from queue | 3 | |
| Right click | 172 | |
| Select / deselect | 96 | |
| Select group hotkey | 403 | |
| Use ability | 73 | |
882 total
» units
| Peon | 15 | |
| Troll Witch Doctor | 6 | |
| Raider | 9 | |
| Shaman | 2 | |
32 total
» upgrades
| Melee Weapons | 2 | |
| Spiked Barricades | 3 | |
| Witch Doctor Training | 2 | |
| Shaman Training | 2 | |
| Ensnare | 1 | |
| Reinforced Defenses | 1 | |
| Armor | 1 | |
12 total
» buildings
| Orc Burrow | 6 | |
| Altar of Storms | 1 | |
| Voodoo Lounge | 1 | |
| War Mill | 1 | |
| Stronghold | 1 | |
| Watch Tower | 14 | |
| Barracks | 1 | |
| Fortress | 1 | |
| Spirit Lodge | 2 | |
| Beastiary | 2 | |
30 total
» build order
00:19 Orc Burrow
00:34 Altar of Storms
01:06 Voodoo Lounge
01:29 War Mill
01:53 Orc Burrow
02:57 Stronghold
03:29 Watch Tower
03:29 Watch Tower
03:30 Watch Tower
03:32 Watch Tower
03:33 Watch Tower
04:45 Barracks
05:19 Fortress
06:07 Spirit Lodge
06:09 Spirit Lodge
08:09 Orc Burrow
08:10 Orc Burrow
08:12 Orc Burrow
08:48 Beastiary
11:19 Orc Burrow
15:29 Watch Tower
15:31 Watch Tower
15:32 Watch Tower
15:33 Watch Tower
15:36 Watch Tower
15:38 Watch Tower
15:40 Watch Tower
15:43 Watch Tower
15:44 Watch Tower
17:12 Beastiary
» items
| Lesser Clarity Potion | 1 | |
| Healing Salve | 2 | |
| Scroll of Speed | 1 | |
| Orb of Lightning | 1 | |
| Potion of Lesser Invulnerability | 1 | |
| Tiny Great Hall | 1 | |
| Scroll of Town Portal | 1 | |
8 total
DisplayNets (
blue | 22 APM | 1186 actions | 52:47)
7 Death Knight
2 Death Coil
3 Death Pact
1 Unholy Aura
1 Animate Dead
» actions
| Assign group hotkey | 12 | |
| Basic commands | 4 | |
| Build / train | 87 | |
| Enter build submenu | 31 | |
| Enter hero's abilities submenu | 7 | |
| Give item / drop item | 6 | |
| Remove unit from queue | 2 | |
| Right click | 625 | |
| Select / deselect | 348 | |
| Select group hotkey | 2 | |
| Use ability | 62 | |
1186 total
» units
| Acolyte | 7 | |
| Ghoul | 10 | |
| Crypt Fiend | 11 | |
| Frost Wyrm | 6 | |
| Obsidian Statue | 2 | |
| Gargoyle | 1 | |
| Meatwagon | 1 | |
| Abomination | 1 | |
| Wisp | 6 | |
45 total
» upgrades
| Creature Attack | 3 | |
| Creature Carapace | 3 | |
| Web | 1 | |
| Burrow | 1 | |
| Freezing Breath | 1 | |
| Destroyer Form | 1 | |
10 total
» buildings
| Graveyard | 1 | |
| Crypt | 1 | |
| Ziggurat | 16 | |
| Altar of Darkness | 1 | |
| Halls of the Dead | 2 | |
| Tomb of Relics | 1 | |
| Nerubian Tower | 3 | |
| Necropolis | 1 | |
| Black Citadel | 1 | |
| Sacrificial Pit | 1 | |
| Spirit Tower | 9 | |
| Boneyard | 2 | |
| Slaughterhouse | 1 | |
| Tree of Life | 1 | |
| Moon Well | 1 | |
42 total
» build order
00:19 Graveyard
00:27 Crypt
00:45 Ziggurat
00:59 Altar of Darkness
01:24 Ziggurat
05:05 Halls of the Dead
05:51 Tomb of Relics
05:55 Ziggurat
05:57 Ziggurat
06:00 Nerubian Tower
07:24 Necropolis
08:12 Ziggurat
08:15 Black Citadel
08:20 Ziggurat
08:22 Ziggurat
08:41 Sacrificial Pit
09:10 Halls of the Dead
09:30 Spirit Tower
09:32 Nerubian Tower
09:35 Spirit Tower
10:41 Boneyard
10:51 Boneyard
10:58 Ziggurat
11:41 Slaughterhouse
11:46 Spirit Tower
13:38 Ziggurat
13:46 Ziggurat
14:43 Spirit Tower
16:51 Ziggurat
18:16 Spirit Tower
18:34 Spirit Tower
19:49 Spirit Tower
19:52 Spirit Tower
23:30 Ziggurat
23:32 Ziggurat
23:38 Ziggurat
24:52 Spirit Tower
24:58 Nerubian Tower
27:41 Ziggurat
27:45 Ziggurat
32:38 Tree of Life
52:14 Moon Well
» items
| Rod of Necromancy | 1 | |
| Orb of Corruption | 2 | |
| Potion of Mana | 1 | |
| Scroll of Healing | 1 | |
| Scroll of Town Portal | 2 | |
7 total
cakewilly (
yellow | 60 APM | 1335 actions | 22:04)
5 Pandaren Brewmaster
3 Breath of Fire
2 Drunken Haze
1 Priestess of the Moon
1 Trueshot Aura
» actions
| Build / train | 80 | |
| Enter build submenu | 18 | |
| Enter hero's abilities submenu | 6 | |
| Give item / drop item | 3 | |
| Remove unit from queue | 8 | |
| Right click | 791 | |
| Select / deselect | 358 | |
| Use ability | 71 | |
1335 total
» units
| Wisp | 15 | |
| Archer | 6 | |
| Hippogryph | 2 | |
| Druid of the Talon | 8 | |
| Chimaera | 2 | |
33 total
» upgrades
| Hippogryph Taming | 1 | |
| Druid of the Talon Training | 2 | |
| Strength of the Wild | 1 | |
| Reinforced Hides | 1 | |
| Mark of the Talon | 1 | |
| Corrosive Breath | 1 | |
7 total
» buildings
| Altar of Elders | 1 | |
| Moon Well | 8 | |
| Ancient of War | 1 | |
| Ancient of Wonders | 1 | |
| Tree of Ages | 2 | |
| Hunter's Hall | 1 | |
| Ancient of Wind | 2 | |
| Tree of Life | 1 | |
| Tree of Eternity | 2 | |
| Chimaera Roost | 1 | |
20 total
» build order
00:15 Altar of Elders
00:23 Moon Well
00:53 Ancient of War
01:33 Moon Well
01:49 Ancient of Wonders
04:14 Tree of Ages
04:14 Tree of Ages
04:18 Moon Well
05:38 Moon Well
06:34 Hunter's Hall
06:44 Ancient of Wind
06:49 Ancient of Wind
08:04 Moon Well
08:32 Tree of Life
09:28 Moon Well
09:29 Tree of Eternity
09:30 Tree of Eternity
14:00 Chimaera Roost
16:52 Moon Well
17:46 Moon Well
» items
| Dust of Appearance | 1 | |
| Boots of Speed | 1 | |
| Potion of Invisibility | 6 | |
| Staff of Teleportation | 1 | |
9 total
team 2 (loser)

»
CanUSeeWhatIsee (
orange | 26 APM | 1379 actions | 52:47)
7 Far Seer
3 Feral Spirit
3 Chain Lighting
1 Earth Quake
4 Tauren Chieftain
2 Endurance Aura
2 War Stomp
» actions
| Basic commands | 4 | |
| Build / train | 92 | |
| Enter build submenu | 22 | |
| Enter hero's abilities submenu | 11 | |
| Give item / drop item | 6 | |
| Right click | 747 | |
| Select / deselect | 381 | |
| Use ability | 116 | |
1379 total
» units
| Peon | 17 | |
| Goblin Shredder | 1 | |
| Wind Rider | 6 | |
| Shaman | 6 | |
| Troll Batrider | 2 | |
| Blue Dragon Whelp | 1 | |
| Blue Dragon | 1 | |
| Kodo Beast | 2 | |
| Raider | 20 | |
| Goblin Zeppelin | 2 | |
58 total
» upgrades
| Armor | 1 | |
| Shaman Training | 2 | |
| Envenomed Spears | 1 | |
| War Drums Damage Increase | 1 | |
| Reinforced Defenses | 1 | |
| Liquid Fire | 1 | |
| Ranged Weapons | 1 | |
| Spiked Barricades | 1 | |
| Pillage | 1 | |
| Ensnare | 1 | |
11 total
» buildings
| Altar of Storms | 2 | |
| Orc Burrow | 12 | |
| War Mill | 1 | |
| Watch Tower | 21 | |
| Stronghold | 1 | |
| Beastiary | 2 | |
| Great Hall | 4 | |
| Fortress | 1 | |
| Spirit Lodge | 2 | |
| Voodoo Lounge | 1 | |
47 total
» build order
01:00 Altar of Storms
01:02 Orc Burrow
01:05 War Mill
01:19 Orc Burrow
01:32 Orc Burrow
02:19 Watch Tower
02:20 Watch Tower
02:20 Watch Tower
02:21 Watch Tower
02:22 Watch Tower
03:05 Watch Tower
03:17 Watch Tower
03:19 Watch Tower
03:21 Watch Tower
04:15 Stronghold
06:38 Beastiary
06:39 Beastiary
07:38 Great Hall
08:32 Orc Burrow
08:32 Orc Burrow
08:33 Orc Burrow
08:33 Orc Burrow
08:33 Orc Burrow
09:24 Watch Tower
09:25 Watch Tower
09:25 Watch Tower
09:26 Watch Tower
09:27 Watch Tower
09:27 Watch Tower
09:27 Watch Tower
09:28 Watch Tower
10:33 Orc Burrow
10:34 Orc Burrow
10:34 Orc Burrow
11:38 Fortress
12:14 Spirit Lodge
12:15 Spirit Lodge
13:42 Voodoo Lounge
16:49 Orc Burrow
24:39 Great Hall
25:27 Altar of Storms
28:02 Great Hall
28:07 Watch Tower
28:21 Watch Tower
29:14 Watch Tower
29:17 Watch Tower
30:08 Great Hall
» items
| Dust of Appearance | 1 | |
| Orb of Lightning | 2 | |
| Scroll of Town Portal | 4 | |
| Scroll of Speed | 1 | |
8 total
Sa1nt_Patrick77 (
teal | 27 APM | 1316 actions | 48:05)
6 Paladin
2 Holy Light
2 Devotion Aura
1 Divine Shield
1 Resurrection
» actions
| Assign group hotkey | 16 | |
| Basic commands | 30 | |
| Build / train | 64 | |
| Enter build submenu | 41 | |
| Enter hero's abilities submenu | 6 | |
| Remove unit from queue | 2 | |
| Right click | 525 | |
| Select / deselect | 390 | |
| Select group hotkey | 178 | |
| Use ability | 62 | |
1316 total
» units
| Peasant | 18 | |
| Footman | 2 | |
| Knight | 6 | |
| Siege Engine | 8 | |
| Dragonhawk Rider | 3 | |
37 total
» upgrades
| Swords | 3 | |
| Plating | 3 | |
| Lumber Harvesting | 2 | |
| Animal War Training | 1 | |
| Barrage | 1 | |
| Gunpowder | 2 | |
12 total
» buildings
| Lumber Mill | 1 | |
| Scout Tower | 7 | |
| Guard Tower | 4 | |
| Farm | 15 | |
| Altar of Kings | 1 | |
| Keep | 1 | |
| Blacksmith | 1 | |
| Barracks | 3 | |
| Arcane Vault | 1 | |
| Castle | 1 | |
| Town Hall | 3 | |
| Workshop | 3 | |
41 total
» build order
00:45 Lumber Mill
01:34 Scout Tower
01:36 Scout Tower
02:00 Guard Tower
02:03 Guard Tower
02:08 Scout Tower
02:11 Scout Tower
02:21 Farm
02:57 Scout Tower
02:58 Guard Tower
03:07 Guard Tower
03:27 Scout Tower
03:50 Scout Tower
04:07 Altar of Kings
05:10 Farm
05:18 Keep
05:23 Farm
05:28 Blacksmith
05:33 Barracks
06:04 Farm
06:06 Farm
07:00 Arcane Vault
07:08 Barracks
07:12 Barracks
07:43 Castle
08:30 Farm
08:49 Farm
09:28 Farm
09:33 Farm
11:04 Town Hall
13:45 Farm
15:52 Workshop
15:55 Workshop
17:10 Workshop
17:14 Farm
17:18 Farm
18:03 Farm
27:00 Farm
27:03 Farm
31:27 Town Hall
42:27 Town Hall

»
G-2the-uzzo (
pink | 76 APM | 3907 actions | 51:44)
6 Blood Mage
3 Flame Strike
2 Siphon Mana
1 Summon Phoenix
4 Paladin
2 Holy Light
1 Divine Shield
1 Devotion Aura
5 Archmage
3 Brilliance Aura
2 Blizzard
2 Dark Ranger
1 Charm
1 Life Drain
» actions
| Assign group hotkey | 21 | |
| Basic commands | 254 | |
| Build / train | 111 | |
| Enter build submenu | 33 | |
| Enter hero's abilities submenu | 17 | |
| Give item / drop item | 1 | |
| Remove unit from queue | 2 | |
| Right click | 1866 | |
| Select / deselect | 952 | |
| Select group hotkey | 537 | |
| Use ability | 111 | |
3907 total
» units
| Peasant | 43 | |
| Footman | 3 | |
| Rifleman | 3 | |
| Sorceress | 6 | |
| Priest | 6 | |
| Siege Engine | 9 | |
| Goblin Zeppelin | 1 | |
71 total
» upgrades
| Plating | 3 | |
| Priest Training | 2 | |
| Gunpowder | 3 | |
| Lumber Harvesting | 2 | |
| Sorceress Training | 2 | |
| Barrage | 1 | |
| Masonry | 1 | |
14 total
» buildings
| Altar of Kings | 1 | |
| Farm | 20 | |
| Barracks | 1 | |
| Blacksmith | 1 | |
| Arcane Vault | 1 | |
| Keep | 1 | |
| Town Hall | 1 | |
| Arcane Sanctum | 2 | |
| Workshop | 4 | |
| Lumber Mill | 1 | |
| Castle | 1 | |
| Scout Tower | 1 | |
35 total
» build order
00:20 Altar of Kings
00:22 Farm
00:41 Barracks
00:45 Farm
02:18 Blacksmith
02:27 Farm
02:59 Farm
03:03 Arcane Vault
04:06 Keep
04:46 Town Hall
05:34 Farm
06:46 Arcane Sanctum
07:34 Workshop
07:34 Workshop
07:39 Workshop
07:39 Workshop
08:09 Lumber Mill
09:03 Arcane Sanctum
09:33 Castle
10:35 Farm
10:37 Farm
12:25 Farm
13:28 Farm
14:44 Farm
15:20 Farm
15:22 Farm
16:02 Farm
16:06 Farm
16:36 Farm
17:12 Farm
17:19 Farm
23:07 Farm
23:07 Farm
23:09 Farm
32:48 Scout Tower
» items
| Lesser Clarity Potion | 1 | |
| Scroll of Regeneration | 1 | |
2 total
AbsoluteFire (
purple | 43 APM | 1097 actions | 25:17)
5 Dark Ranger
3 Black Arrow
2 Life Drain
» actions
| Basic commands | 17 | |
| Build / train | 66 | |
| ESC pressed | 2 | |
| Enter build submenu | 22 | |
| Enter hero's abilities submenu | 5 | |
| Give item / drop item | 1 | |
| Right click | 589 | |
| Select / deselect | 331 | |
| Use ability | 64 | |
1097 total
» units
| Peasant | 24 | |
| Footman | 4 | |
| Rifleman | 5 | |
| Goblin Shredder | 1 | |
| Dragonhawk Rider | 17 | |
| Gryphon Rider | 3 | |
54 total
» upgrades
| Lumber Harvesting | 1 | |
| Cloud | 1 | |
| Storm Hammers | 1 | |
3 total
» buildings
| Altar of Kings | 1 | |
| Barracks | 1 | |
| Farm | 15 | |
| Blacksmith | 1 | |
| Keep | 1 | |
| Town Hall | 1 | |
| Scout Tower | 1 | |
| Castle | 1 | |
| Lumber Mill | 1 | |
| Arcane Tower | 1 | |
| Arcane Vault | 1 | |
| Gryphon Aviary | 2 | |
27 total
» build order
00:08 Altar of Kings
00:21 Barracks
00:35 Farm
00:50 Farm
01:50 Farm
02:16 Blacksmith
02:33 Farm
03:15 Farm
04:20 Keep
06:50 Town Hall
07:07 Scout Tower
07:33 Castle
07:37 Lumber Mill
08:03 Arcane Tower
08:10 Arcane Vault
08:42 Gryphon Aviary
08:44 Gryphon Aviary
09:56 Farm
09:56 Farm
09:57 Farm
10:00 Farm
10:03 Farm
10:47 Farm
15:07 Farm
16:37 Farm
19:42 Farm
19:43 Farm
Chat log
(00:43 / Allies) DisplayNets: fiends/air
(03:05 / All) G-2the-uzzo: D
(03:06 / All) G-2the-uzzo: d
(03:07 / All) AbsoluteFire: D
(03:08 / All) AbsoluteFire: d
(03:38 / All) cRUDhEAD: TIWER RYSG IB TGU
(03:41 / All) cRUDhEAD: TIOWER RUSH ON THIS MAP SO DUMB
(04:22 / Allies) cakewilly: help?
(04:24 / Allies) cakewilly: blue
(04:26 / Allies) cakewilly: green
(04:44 / Allies) cRUDhEAD: THERE WAS NO CALL FOR YOU TO SUICIDE HERO ON THOSE
(04:45 / Allies) cRUDhEAD: KLOL
(05:01 / Allies) DisplayNets: who needs help
(05:06 / Allies) cakewilly: red
(05:31 / Allies) cluckys: check
(06:33 / Allies) cRUDhEAD: CHEC EXPO
(06:36 / Allies) cRUDhEAD: WEAK SPOT EXPO
(06:50 / Allies) cRUDhEAD: LOL U GOT AMANA SALVE WHEN U DONT EVEN HAVE WINDWALK
(06:55 / Allies) cRUDhEAD: GET OTHER WORKER
(07:36 / Allies) cluckys: in trouble i took wrong
(07:40 / Allies) cluckys: spell
(07:44 / Allies) cRUDhEAD: O
(10:18 / Allies) cluckys: wait
(11:30 / Allies) cluckys: mass air
(11:43 / All) cRUDhEAD: I HATE WATCING LAG SCREEN
(11:45 / All) cRUDhEAD: DRIVES ME INSNAE
(12:58 / Allies) cRUDhEAD: SOMEONE EXPO
(13:01 / Allies) cRUDhEAD: UC ANT WIN WITH NO EXPO
(13:02 / Allies) cRUDhEAD: DH
(13:04 / Allies) cRUDhEAD: DUH
(13:07 / Allies) cluckys: i have house
(16:49 / All) G-2the-uzzo: if you guys lose its the pandas fault
(17:10 / All) cRUDhEAD: WHEN ENEMY TEAM TALKS SHIT ABOUT SOMEONE
(17:14 / All) cRUDhEAD: IT MEANS THEY ARE BEING THE MOST EFFECTIVE
(17:20 / All) cakewilly: ty
(17:21 / All) G-2the-uzzo: it means your gay
(18:45 / Allies) cluckys: tp at my base
(19:41 / Allies) cRUDhEAD: I CANT GO NEAR THOSE TANKS, BRO
(20:09 / All) G-2the-uzzo: yellow is bad copter
(21:21 / All) Sa1nt_Patrick77: gg
(21:25 / All) cakewilly: gg
(21:30 / All) G-2the-uzzo: get ricked owned
(21:32 / All) G-2the-uzzo: you guys lost
(21:34 / All) AbsoluteFire: lol
(21:36 / All) G-2the-uzzo: of rick yellow
(21:42 / All) AbsoluteFire: we tricked you from tower rush
(21:42 / All) cluckys: and green also
(21:43 / All) AbsoluteFire: eat it
(21:43 / All) G-2the-uzzo: yellow is bad
(21:50 / All) G-2the-uzzo: your kinda rick badcopter
(22:00 / All) cakewilly: lol
(22:01 / All) cakewilly: ok
(22:05 / All) G-2the-uzzo: rick madcopter
(22:17 / All) G-2the-uzzo: OMG
(24:32 / All) G-2the-uzzo: what rick tower
(24:57 / All) Sa1nt_Patrick77: hahahahahaha
(24:58 / All) G-2the-uzzo: im getting rick rolled
(25:01 / All) Sa1nt_Patrick77: that is an interesting strat
(25:17 / All) cRUDhEAD: OWNED
(27:47 / All) G-2the-uzzo: rick gg copter
(28:13 / All) G-2the-uzzo: rickrockcotper
(29:23 / All) G-2the-uzzo: rickphoneix
(31:05 / All) G-2the-uzzo: rcik owned
(33:35 / All) G-2the-uzzo: rick quit
(35:48 / Allies) cRUDhEAD: GOLD PLS
(37:04 / Allies) cRUDhEAD: HAVE HIM REBUILD
(45:08 / All) G-2the-uzzo: good rick maphack
(45:11 / All) cRUDhEAD: raped
(45:21 / All) Sa1nt_Patrick77: gg
(45:25 / All) cRUDhEAD: very gg
(45:30 / All) Sa1nt_Patrick77: we now have no way of getting up there
(45:32 / All) G-2the-uzzo: we won right,,
(45:37 / All) Sa1nt_Patrick77: lol
(45:38 / All) G-2the-uzzo: i have 6 zepplins
(45:39 / All) cRUDhEAD: no you got raped
(45:46 / All) Sa1nt_Patrick77: if he would fucking fight us we would win
(45:54 / All) cRUDhEAD: this is a strategy game
(45:56 / All) G-2the-uzzo: i he didnt have rcik maphacl
(45:56 / All) cRUDhEAD: not a punchout
(45:59 / All) G-2the-uzzo: maphack more
(45:59 / All) G-2the-uzzo: noob
(46:02 / All) cRUDhEAD: cry more
(46:05 / All) cRUDhEAD: 4chan retard
(46:07 / All) G-2the-uzzo: ricklol madcopter
(46:31 / All) G-2the-uzzo: LOL
(46:33 / All) G-2the-uzzo: NOCE HACK
(47:03 / All) cRUDhEAD: ddick up ass
(47:05 / All) cRUDhEAD: noi lube
(48:08 / All) cRUDhEAD: raped
(48:08 / All) cRUDhEAD: rofl
(48:13 / All) G-2the-uzzo: dude
(48:15 / All) G-2the-uzzo: im not quitting
(48:16 / All) cRUDhEAD: RAPED
(48:20 / All) G-2the-uzzo: im just gonna kill your units
(48:23 / All) G-2the-uzzo: and stay on the cpu
(48:26 / All) G-2the-uzzo: all night
(48:29 / All) cRUDhEAD: kill my units?
(48:32 / All) cRUDhEAD: youre a retard
(48:38 / All) G-2the-uzzo: rick why
(49:18 / All) G-2the-uzzo: run copter
(49:34 / All) cRUDhEAD: kill my units!!!
(49:59 / All) cRUDhEAD: stay on cpu all night long!
(50:04 / All) G-2the-uzzo: rick k
(50:51 / All) G-2the-uzzo: rick gg
(50:53 / All) G-2the-uzzo: i bsed
(50:53 / All) cRUDhEAD: raped
(50:54 / All) cRUDhEAD: raped
(50:55 / All) cRUDhEAD: raoped
(50:56 / All) cRUDhEAD: raped
(50:59 / All) cRUDhEAD: raped
(51:00 / All) G-2the-uzzo: rick map hack repaoted
(51:02 / All) cRUDhEAD: raped
(51:03 / All) cRUDhEAD: raped
(51:04 / All) G-2the-uzzo: reported
(51:05 / All) cRUDhEAD: dick up ass
(51:06 / All) cRUDhEAD: no lube
(51:07 / All) G-2the-uzzo: rick
(51:08 / All) G-2the-uzzo: no life
(51:10 / All) G-2the-uzzo: Rick noob
(51:11 / All) cRUDhEAD: your blood is my lube
(51:15 / All) G-2the-uzzo: rick please get a rick life
(51:17 / All) G-2the-uzzo: rick life
(51:19 / All) G-2the-uzzo: you like 40
(51:25 / All) G-2the-uzzo: how rick old are you
(51:25 / All) cRUDhEAD: raped
(51:27 / All) G-2the-uzzo: rick faggot
(51:29 / All) cRUDhEAD: my cum in your mouth
(51:29 / All) G-2the-uzzo: lol rick noob
(51:31 / All) cRUDhEAD: dick pumping in your ass
(51:32 / All) G-2the-uzzo: LOL
(51:34 / All) G-2the-uzzo: RICK BAD
(51:38 / All) cRUDhEAD: orgasm after orgasm
(51:39 / All) G-2the-uzzo: lol your so rick angry
(51:43 / All) G-2the-uzzo: rick noob
(51:49 / All) cRUDhEAD: easy win
(51:51 / All) cRUDhEAD: easy as hell